 Dungeon Crawl Stone Soup version 0.32-a0-468-g38b2580584 (webtiles) character file.

Game seed: 14258413296195436902

165258 inmateoo the Impaler (level 17, -14/126 HPs)
             Began as a Coglin Gladiator on Feb 24, 2024.
             Was the Champion of Hepliaklqana.
             Killed from afar by Nikola (43 damage)
             ... with an arc of chain lightning
             ... on level 3 of the Snake Pit.
             The game lasted 00:31:09 (31982 turns).

inmateoo the Impaler (Coglin Gladiator)            Turns: 31982, Time: 00:31:10

Health: -14/126    AC: 20    Str: 21    XL:     17   Next: 87%
Magic:  24/24      EV: 16    Int:  9    God:    Hepliaklqana [******]
Gold:   2904       SH:  5    Dex: 18    Spells: 16/16 levels left

rFire   + + .        B - +3 trident (freeze) {Chinhae}
rCold   + . .        M - +0 trident (venom) {Kai}
rNeg    + . .        P - +3 scale mail {rPois}
rPois   +            G - +2 hat
rElec   .            (no cloak)
rCorr   .            K - +1 pair of gloves
SInv    .            T - +2 pair of boots {Stlth+}
Will    +....        l - amulet "Qigiof" {Reflect rF+ rN+ Dex+2 SH+5}
Stlth   +            (ring unavailable)
HPRegen 0.41/turn    (ring unavailable)
MPRegen 0.19/turn

%: reflection
@: revving
A: reduced essence, cold resistance 1, fire resistance 1, off-hand wielding,
slow wielding, warmup strikes, no rings
a: Renounce Religion, Recall Ancestor, Ancestor Identity, Transference, Idealise


You were on level 3 of the Snake Pit.
You worshipped Hepliaklqana.
Hepliaklqana was exalted by your worship.
You visited 5 branches of the dungeon, and saw 29 of its levels.
You also visited: Ice Cave.

You collected 3247 gold pieces.
You spent 343 gold pieces at shops.

Inventory:

Hand Weapons
 B - a +3 trident of freezing (weapon) {Chinhae}
 M - a +0 trident of venom (offhand) {Kai}
Missiles
 a - 3 silver javelins
 d - 3 throwing nets (quivered)
 e - 6 javelins
Armour
 G - a +2 hat (worn)
 K - a +1 pair of gloves (worn)
 P - a +3 scale mail of poison resistance (worn)
 T - a +2 pair of boots of stealth (worn)
Jewellery
 l - the amulet "Qigiof" (around neck) {Reflect rF+ rN+ Dex+2 SH+5}
   (You acquired it on level 4 of the Dungeon)

   [amulet of reflection]

   Reflect:   It reflects blocked missile attacks.
   Dex+2:     It affects your dexterity (+2).
   rF+:       It protects you from fire.
   rN+:       It protects you from negative energy.
   SH+5:      It affects your SH (+5).
 U - an amulet of reflection
 V - an amulet of magic regeneration
Wands
 k - a wand of flame (56)
 o - a wand of iceblast (20)
 x - a wand of digging (8)
 y - a wand of quicksilver (18)
 O - a wand of mindburst (27)
 Q - a wand of polymorph (17)
 R - a wand of charming (13)
Scrolls
 c - 3 scrolls of enchant weapon
 g - 5 scrolls of immolation
 h - 3 scrolls of enchant armour
 m - 7 scrolls of fog
 s - 3 scrolls of silence
 v - 3 scrolls of poison
 C - 3 scrolls of revelation
 F - 4 scrolls of teleportation
 J - 2 scrolls of amnesia
 L - 3 scrolls of vulnerability
 S - a scroll of brand weapon
Potions
 b - 12 potions of curing
 f - 4 potions of brilliance
 i - 5 potions of might
 j - 8 potions of heal wounds
 n - a potion of magic
 p - a potion of cancellation
 q - 7 potions of haste
 r - 3 potions of mutation
 t - 4 potions of lignification
 u - 5 potions of enlightenment
 z - 4 potions of attraction
 D - 3 potions of resistance
 H - 2 potions of berserk rage
 N - a potion of ambrosia
Miscellaneous
 w - a phial of floods
 E - a box of beasts (inert)
 I - a phantom mirror (inert)


   Skills:
 + Level 14.9 Fighting
 + Level 18.6 Polearms
 - Level 1.7 Throwing
 + Level 11.2 Armour
 + Level 11.2 Dodging
 - Level 10.0 Invocations


You had 16 spell levels left.
You didn't know any spells.
Your spell library contained the following spells:

 Spells                   Type           Power      Damage    Failure   Level
 Apportation              Tloc           0%         N/A       65%         1
 Kiss of Death            Conj/Necr      0%         2d5       65%         1
 Necrotise                Necr           0%         1d4       65%         1
 Sting                    Conj/Alch      0%         1d3       65%         1
 Summon Small Mammal      Summ           0%         N/A       65%         1
 Lesser Beckoning         Tloc           0%         N/A       80%         2
 Mercury Vapours          Alch/Air       0%         N/A       80%         2
 Call Canine Familiar     Summ           0%         N/A       95%         3
 Confusing Touch          Hex            0%         N/A       95%         3
 Fugue of the Fallen      Necr           0%         N/A       95%         3
 Gell's Gravitas          Tloc           0%         N/A       95%         3
 Hailstorm                Conj/Ice       0%         3d5       95%         3
 Mephitic Cloud           Conj/Alch/Air  0%         N/A       95%         3
 Ozocubu's Armour         Ice            0%         N/A       95%         3
 Sigil of Binding         Hex            0%         N/A       95%         3
 Summon Ice Beast         Ice/Summ       0%         N/A       95%         3
 Teleport Other           Tloc           0%         N/A       95%         3
 Tukima's Dance           Hex            0%         N/A       95%         3
 Cause Fear               Hex            0%         N/A       100%        4
 Dimensional Bullseye     Hex/Tloc       0%         N/A       100%        4
 Dispel Undead            Necr           0%         3d6       100%        4
 Manifold Assault         Tloc           0%         N/A       100%        4
 Passage of Golubria      Tloc           0%         N/A       100%        4
 Alistair's Intoxication  Alch           0%         N/A       100%        5
 Borgnjor's Vile Clutch   Necr/Erth      0%         N/A       100%        5
 Fireball                 Conj/Fire      0%         3d3       100%        5
 Freezing Cloud           Conj/Ice/Air   0%         6-21      100%        5
 Metabolic Englaciation   Hex/Ice        0%         N/A       100%        5
 Silence                  Hex/Air        0%         N/A       100%        5
 Yara's Violent Unravell  Hex/Alch       0%         3d3       100%        5
 Eringya's Noxious Bog    Alch           0%         4d6       100%        6
 Sculpt Simulacrum        Ice/Alch       0%         N/A       100%        6
 Haunt                    Necr/Summ      0%         N/A       100%        7
 Borgnjor's Revivificati  Necr           0%         N/A       100%        8
 Lehudib's Crystal Spear  Conj/Erth      0%         10d2      100%        8
 Death's Door             Necr           0%         N/A       100%        9
 Dragon's Call            Summ           0%         N/A       100%        9


Dungeon Overview and Level Annotations

Branches:
Dungeon (15/15)            Temple (0/1) D:7            Lair (5/5) D:10
  Swamp (4/4) Lair:3        Snake (3/4) Lair:2        Slime (0/5) Lair:5
    Orc (2/2) D:12            Elf (0/3) Orc:2        Vaults (0/5) D:13
 Depths (0/4) D:15          IceCv (visited)

Altars:
Ashenzari
Dithmenos
Fedhas
Hepliaklqana
Okawaru
Xom
Beogh

Shops:
D:7 [   D:15 :   Orc:2 (?:=

Portals:
Trove: D:12 (give 3 potions of resistance)

Annotations:
D:10 6 transporters
Lair:3 2 transporters
Swamp:4 Roxanne
Snake:3 Nikola, Vashnia
Orc:1 2 transporters


Innate Abilities, Weirdness & Mutations

Your life essence is reduced to manifest your ancestor. (-10% HP)
Your flesh is cold resistant. (rC+)
Your flesh is heat resistant. (rF+)
You can wield a second weapon in your off-hand.
It takes a long time for you to wield or remove held weapons.
Your first few attacks do less damage.
Your grasper-arms cannot wear rings.


Message History

You hit Nikola with your +3 trident of freezing.
You freeze Nikola.
You reach to attack!
You puncture Nikola with your +3 trident of freezing!
You freeze Nikola!
Nikola is lightly wounded.
You hit Nikola but do no damage.
Nikola is poisoned.
Vixad hits Nikola with a +0 quarterstaff!
You puncture Nikola with your +3 trident of freezing!
You freeze Nikola.
Nikola is moderately wounded.
You barely miss Nikola with your +0 trident of venom.
Nikola hits you with a +0 rapier of electrocution!
You hit Nikola with your +3 trident of freezing.
You freeze Nikola.
Nikola is moderately wounded.
You hit Nikola but do no damage.
Nikola looks as sick as possible!
Vixad barely misses Nikola.
You puncture Nikola with your +0 trident of venom!
Nikola looks as sick as possible!
Nikola is moderately wounded.
You hit Nikola with your +3 trident of freezing.
You freeze Nikola.
Nikola says, "You don't look like a good insulator."
Nikola mumbles some strange words.
Lightning arcs from Nikola's hands!
The bolt of lightning hits you!!!!
Ouch! That really hurt!
* * * LOW HITPOINT WARNING * * *
A bolt of lightning appears from out of thin air!
The bolt of lightning hits Vixad!!!
The bolt of lightning hits Nikola.
Vixad barely misses Nikola.
You hear an angry hiss. x2; You hear a shout!
You are too injured to fight recklessly!
Nikola casts a spell.
Lightning arcs from Nikola's hands!
The bolt of lightning hits Vixad!!!!
Vixad is destroyed!
A bolt of lightning appears from out of thin air!
The bolt of lightning hits Nikola!
The bolt of lightning hits you!!!
You die...
Hepliaklqana delivers you to your ancestors.

##...## .... ###'###
.N.# ###.....### N..#
###......)..### N...
#....#####....####NN..
..#.##...##.#..##.R...
.##.........##S.#.....
#...ß..)ß)..#.§#.....
#...@.<[).).#..'...#.
#...ß.@.ß...#..##...#
##.......[)##..# .#..
#.##...##.#..## ....
... #####....## ....
###. ..### ...# # .###
..##


You could see Nikola (extremely poisoned).

Vanquished Creatures
  Aizul (Snake:1)
  4 eleionomae
  A white draconian (IceCv)
  A bunyip (Swamp:2)
  A shambling mangrove (Swamp:3)
  The ghost of Deunung the Fighter, a journeyman DjCj of Makhleb (Lair:1)
  11 hydras
  An ogre mage (D:15)
  The ghost of casual the Nimble, a journeyman CoMo of Cheibriados (D:11)
  4 alligators
  3 two-headed ogres
  4 anacondas
  2 ghost crabs
  4 boulder beetles
  A sphinx skeleton (D:15)
  A vampire mage (D:15)
  7 centaur warriors
  A death knight (D:15)
  Urug (Lair:4)
  4 naga warriors
  10 death yaks
  An orc high priest (Orc:2)
  7 skeletal warriors
  3 naga sharpshooters (Snake:1)
  3 skysharks
  5 mana vipers
  A goliath frog (Swamp:3)
  3 swamp dragons
  2 naga ritualists (Snake:1)
  5 orc knights
  A lindwurm (Lair:5)
  A deep elf pyromancer (D:12)
  A necromancer (D:15)
  A harpy (shapeshifter) (D:13)
  4 orc sorcerers (Orc:2)
  7 salamanders
  6 ugly things
  A will-o-the-wisp (Swamp:3)
  3 cyclopes
  3 manticores
  5 kobold blastminers
  4 elephants
  5 naga magi
  12 black mambas
  2 ice statues (IceCv)
  A gargoyle (D:11)
  7 cane toads
  A yaktaur (D:11)
  3 kobold demonologists
  8 rime drakes
  Psyche (D:8)
  8 komodo dragons
  4 trolls
  6 polar bears
  5 tyrant leeches
  A troll (shapeshifter) (D:13)
  5 hornets
  14 blink frogs
  8 dream sheep (Lair:5)
  2 slime creatures (D:14)
  A wyvern (Lair:5)
  10 spriggans
  A shadow (D:10)
  58 yaks
  A warg (Orc:2)
  A basilisk (Lair:1)
  A human (D:7)
  12 vampire mosquitoes
  A tengu zombie (D:11)
  A two-headed ogre zombie (D:12)
  13 nagas
  9 swamp worms
  2 acid dragons
  A swamp drake (Swamp:1)
  15 water moccasins
  7 orc warriors
  5 black bears
  2 ice beasts
  A sky beast (D:6)
  2 laughing skulls
  19 wolves
  5 ogres
  4 boggarts (Lair:5)
  10 centaurs
  2 phantoms (D:12)
  3 kobold brigands
  7 bullfrogs
  3 scorpions
  A gnoll sergeant (D:12)
  5 wights
  3 troll zombies (D:12)
  7 killer bees (D:9)
  5 lindwurm simulacra (IceCv)
  A howler monkey (D:12)
  3 komodo dragon simulacra (IceCv)
  2 hounds
  A jelly (D:5)
  7 orc priests
  An iguana (D:7)
  15 orc wizards
  A sleepcap (D:4)
  9 hell rats
  4 ogre zombies (D:12)
  5 gnolls
  4 acid dragon simulacra (IceCv)
  8 adders
  4 steam dragon simulacra (IceCv)
  A ribbon worm (D:2)
  A dart slug (D:4)
  51 orcs
  5 ball pythons
  2 endoplasms (D:1)
  4 giant cockroaches
  2 goblins
  7 hobgoblins
  6 jackals (D:1)
  2 quokkas
  8 bats
  2 frilled lizards
  4 gnoll skeletons (D:12)
  3 gnoll zombies (D:12)
  22 kobolds
  An orc skeleton (D:12)
  12 orc zombies (D:12)
  4 rats
644 creatures vanquished.

Vanquished Creatures (collateral kills)
  A fenstrider witch (Swamp:1)
  A nagaraja (Snake:2)
  2 bunyips
  An ettin (D:13)
  A shambling mangrove (Swamp:3)
  2 hydras
  3 anacondas
  3 alligators
  A ghost crab (Swamp:4)
  A two-headed ogre (D:15)
  2 centaur warriors
  4 death yaks
  A naga warrior (Snake:1)
  2 orc high priests (Orc:2)
  A shock serpent (Snake:2)
  2 skysharks (Lair:5)
  5 skeletal warriors
  A salamander mystic (Snake:3)
  A goliath frog (Swamp:2)
  A lindwurm (Lair:5)
  3 swamp dragons (Swamp:1)
  A bog body (Swamp:2)
  A mana viper (Snake:2)
  5 ugly things
  3 will-o-the-wisps
  A manticore (D:13)
  2 salamanders (Snake:3)
  2 kobold blastminers
  4 black mambas
  3 elephants
  2 naga magi (Snake:1)
  A gargoyle (D:14)
  Maggie (D:8)
  4 komodo dragons
  4 cane toads
  A rime drake (IceCv)
  5 trolls
  A polar bear (Lair:1)
  2 tyrant leeches
  3 hornets
  5 blink frogs
  Grinder (D:5)
  13 dream sheep (Lair:5)
  4 spriggans (Lair:5)
  A spriggan skeleton (D:15)
  3 slime creatures
  22 yaks
  A shadow (D:11)
  A human (D:7)
  3 basilisks
  3 vampire mosquitoes
  4 nagas
  3 swamp worms
  A water moccasin (Lair:5)
  Duvessa (D:7)
  2 swamp drakes
  A black bear (Lair:5)
  4 orc warriors
  2 laughing skulls
  15 wolves
  2 ogres
  5 centaurs
  A boggart (Lair:5)
  A phantom (D:5)
  2 kobold brigands (D:7)
  2 bullfrogs
  2 wights
  Dowan (D:7)
  8 killer bees
  A bombardier beetle (D:5)
  2 komodo dragon simulacra (IceCv)
  A hound (D:6)
  7 orc priests
  A gnoll bouda (D:5)
  A sleepcap (D:8)
  2 iguanas
  11 orc wizards
  3 hell rats
  4 gnolls
  2 acid dragon simulacra (IceCv)
  An adder (D:5)
  A steam dragon simulacrum (IceCv)
  A ribbon worm (D:5)
  19 orcs
  7 kobolds
  A frilled lizard (D:3)
  A gnoll skeleton (D:12)
  4 orc zombies (D:12)
  2 butterflies (Lair:1)
271 creatures vanquished.

Vanquished Creatures (others)
  4 naga sharpshooters (Snake:3)
  2 bloated husks
  A naga (Snake:3)
  A swamp drake (Swamp:4)
  33 battlemagi
  An orc wizard (Orc:2)
  13 foxfires
55 creatures vanquished.

Grand Total: 970 creatures vanquished

Notes
Turn   | Place    | Note
-------+----------+-------------------------------------------
     0 | D:1      | inmateoo the Coglin Gladiator began the quest for the Orb.
     0 | D:1      | Reached XP level 1. HP: 16/16 MP: 1/1
   100 | D:1      | Reached XP level 2. HP: 22/22 MP: 2/2
   190 | D:1      | Reached skill level 3 in Polearms
   456 | D:1      | Reached XP level 3. HP: 25/27 MP: 3/3
   678 | D:2      | Found a hazy altar of Hepliaklqana.
   684 | D:2      | Became a worshipper of Hepliaklqana the Forgotten
   884 | D:2      | Reached skill level 1 in Armour
  1378 | D:3      | Reached * piety under Hepliaklqana
  1411 | D:3      | Reached XP level 4. HP: 28/30 MP: 4/4
  1523 | D:3      | Reached XP level 5. HP: 36/36 MP: 5/5
  1850 | D:4      | Reached skill level 4 in Polearms
  2425 | D:4      | Identified a scroll of acquirement
  2425 | D:4      | Acquired the amulet "Qigiof" {Reflect rF+ rN+ Dex+2 SH+5}
  2448 | D:5      | Entered Level 5 of the Dungeon
  2479 | D:5      | Noticed an ice beast
  2508 | D:4      | Reached XP level 6. HP: 30/42 MP: 6/6
  2678 | D:5      | Reached ** piety under Hepliaklqana
  2679 | D:5      | Remembered your ancestor Vixad as a battlemage
  2789 | D:5      | Reached XP level 7. HP: 47/47 MP: 7/7
  2800 | D:5      | Reached skill level 5 in Polearms
  2908 | D:5      | Noticed Grinder
  2910 | D:5      | Paralysed by Grinder for 3 turns
  2915 | D:5      | Killed Grinder
  2916 | D:5      | Reached skill level 6 in Polearms
  2916 | D:5      | Reached XP level 8. HP: 53/54 MP: 8/8
  3194 | D:6      | Reached skill level 5 in Fighting
  3560 | D:6      | Reached skill level 7 in Polearms
  3650 | D:6      | Noticed a yak
  3651 | D:6      | Noticed a yak
  3651 | D:6      | Noticed a yak
  3655 | D:6      | Killed a yak
  3656 | D:6      | Reached XP level 9. HP: 62/62 MP: 9/9
  3658 | D:6      | Reached skill level 8 in Polearms
  4050 | D:7      | Found a staircase to the Ecumenical Temple.
  4114 | D:7      | Reached skill level 9 in Polearms
  4121 | D:7      | Noticed Duvessa
  4121 | D:7      | Noticed Dowan
  4127 | D:7      | Killed Duvessa
  4128 | D:7      | Killed Dowan
  4138 | D:7      | Found an iron altar of Okawaru.
  4386 | D:7      | Reached skill level 10 in Polearms
  4424 | D:7      | Noticed a troll
  4430 | D:7      | Killed a troll
  4431 | D:7      | Reached XP level 10. HP: 42/69 MP: 10/10
  4650 | D:7      | Found Itizukh's Antique Armour Emporium.
  4659 | D:7      | Bought a distressingly furry scale mail for 225 gold pieces
  4659 | D:7      | Identified the +6 scale mail of the Caustic God {Str+3}
                  | (You bought it in a shop on level 7 of the Dungeon)
  4785 | D:8      | Reached skill level 5 in Armour
  4785 | D:8      | Reached skill level 5 in Dodging
  5162 | D:8      | Reached *** piety under Hepliaklqana
  5194 | D:8      | Noticed a kobold demonologist
  5199 | D:8      | Killed a kobold demonologist
  5276 | D:8      | Noticed Maggie
  5280 | D:8      | Noticed Psyche
  5284 | D:8      | Killed Maggie
  5287 | D:8      | Killed Psyche
  5624 | D:9      | Found a hazy altar of Hepliaklqana.
  5901 | D:9      | Identified the ring "Tiruud" {Will+ Dex+2 Slay+4}
  5916 | D:9      | Reached skill level 1 in Invocations
  6129 | D:9      | Paralysed by a hornet for 3 turns
  6135 | D:9      | Reached XP level 11. HP: 75/76 MP: 10/12
  6340 | D:10     | Entered Level 10 of the Dungeon
  6348 | D:9      | Reached skill level 11 in Polearms
  6840 | D:10     | Found a staircase to the Lair.
  6908 | D:10     | Reached **** piety under Hepliaklqana
  7034 | D:10     | Found a transporter.
  7041 | D:10     | Found a transporter.
  7044 | D:10     | Found a transporter.
  7057 | D:10     | Found a transporter.
  7093 | D:10     | Found a transporter.
  7100 | D:10     | Found a transporter.
  7447 | D:11     | Found a transporter.
  7668 | D:11     | Noticed a sun demon
  7673 | D:11     | Found a transporter.
  7780 | D:11     | Noticed a white ugly thing
  7787 | D:11     | Killed a white ugly thing
  7867 | D:11     | Found a runed translucent gate.
  7867 | D:11     | Found a runed translucent gate.
  7867 | D:11     | Found a runed translucent gate.
  7870 | D:11     | Noticed a nine-headed hydra
  7870 | D:11     | Noticed casual's ghost (journeyman CoMo)
  7992 | D:11     | Noticed a boulder beetle
  8008 | D:11     | Killed a boulder beetle
  8337 | D:11     | Killed a nine-headed hydra
  8380 | D:11     | Killed casual's ghost
  8419 | D:11     | Identified the +5 scimitar of Duty {elec, Int+5}
  8496 | D:12     | Reached ***** piety under Hepliaklqana
  8496 | D:12     | Noticed a manticore
  8506 | D:12     | Killed a manticore
  8507 | D:12     | Reached XP level 12. HP: 58/84 MP: 14/14
  8691 | D:12     | Noticed a boulder beetle
  8743 | D:12     | Killed a boulder beetle
  8871 | D:12     | Found a staircase to the Orcish Mines.
  9040 | D:12     | Found a portal to a secret trove of treasure.
  9430 | D:13     | Noticed a five-headed hydra
  9438 | D:13     | Reached skill level 12 in Polearms
  9445 | D:13     | Killed a five-headed hydra
  9473 | D:13     | You fall into a shaft and drop 2 floors!
  9473 | D:15     | Entered Level 15 of the Dungeon
  9520 | D:15     | Noticed an ogre mage
  9520 | D:15     | Noticed a two-headed ogre
  9533 | D:15     | Killed a two-headed ogre
  9534 | D:15     | Reached skill level 5 in Invocations
  9534 | D:15     | Noticed a two-headed ogre
  9538 | D:15     | Noticed a two-headed ogre
  9540 | D:15     | Killed a two-headed ogre
  9560 | D:15     | Killed a two-headed ogre
  9560 | D:15     | HP: 1/87 [something (9)]
  9561 | D:15     | Reached skill level 10 in Fighting
  9562 | D:15     | Killed an ogre mage
  9759 | D:15     | Found a staircase to the Depths.
  9759 | D:15     | Noticed a vampire mage
  9978 | D:15     | Gained mutation: Your flesh is cold resistant. (rC+)
                  | [Coglin growth]
  9978 | D:15     | Gained mutation: Your flesh is heat resistant. (rF+)
                  | [Coglin growth]
  9978 | D:15     | Reached XP level 13. HP: 84/92 MP: 17/17
 10469 | D:15     | Found Syggyme's Book Boutique.
 10737 | D:14     | Reached skill level 13 in Polearms
 11155 | D:14     | Found a shadowy altar of Dithmenos.
 11974 | D:13     | Identified the +1 chain mail "Nasuodeo" {rC+ Dex+2}
 12243 | D:13     | Found a gate to the Vaults.
 12244 | D:13     | Noticed an ettin
 12250 | D:13     | Killed an ettin
 12251 | D:13     | Reached skill level 14 in Polearms
 12498 | Lair:1   | Entered Level 1 of the Lair of Beasts
 12692 | Lair:1   | Reached XP level 14. HP: 99/99 MP: 20/20
 12855 | Lair:1   | Found a runed translucent gate.
 12855 | Lair:1   | Found a runed translucent gate.
 12855 | Lair:1   | Found a runed translucent gate.
 12855 | Lair:1   | Noticed Deunung's ghost (journeyman DjCj)
 13135 | Lair:1   | Reached skill level 10 in Invocations
 13363 | Lair:1   | Killed Deunung's ghost
 13515 | Lair:2   | Found a staircase to the Snake Pit.
 13753 | Lair:2   | Found a frozen archway.
 13791 | IceCv    | Entered an ice cave
 14273 | IceCv    | Noticed a white draconian
 14286 | IceCv    | Killed a white draconian
 15203 | Lair:3   | Reached ****** piety under Hepliaklqana
 15219 | Lair:3   | Found a transporter.
 15223 | Lair:3   | Found a transporter.
 15492 | Lair:3   | Found a staircase to the Swamp.
 15951 | Lair:4   | Noticed Urug
 15968 | Lair:4   | Killed Urug
 16636 | Lair:4   | Reached XP level 15. HP: 88/106 MP: 22/22
 17472 | Lair:5   | Entered Level 5 of the Lair of Beasts
 17567 | Lair:5   | Reached skill level 15 in Polearms
 17916 | Lair:5   | Reached skill level 10 in Armour
 17916 | Lair:5   | Reached skill level 10 in Dodging
 18091 | Lair:5   | Found a staircase to the Slime Pits.
 18978 | Lair:5   | Reached XP level 16. HP: 103/117 MP: 23/23
 19225 | Orc:1    | Entered Level 1 of the Orcish Mines
 19368 | Orc:1    | Reached skill level 16 in Polearms
 19408 | Orc:1    | Found a transporter.
 19408 | Orc:1    | Found a transporter.
 19439 | Orc:1    | Found a roughly hewn altar of Beogh.
 19590 | Orc:1    | Found a roughly hewn altar of Beogh.
 19721 | D:11     | Identified the +2 pair of gloves of Gaot {Rampage *Corrode
                  | Str-4 Dex+8}
 19838 | Orc:2    | Entered Level 2 of the Orcish Mines
 19945 | Orc:2    | Found a staircase to the Elven Halls.
 20356 | Orc:2    | Found Udenemm's Jewellery Emporium.
 20360 | Orc:2    | Paralysed by an orc sorcerer for 4 turns
 20983 | Orc:2    | Found Uplam's Book Emporium.
 20984 | Orc:2    | Found Yrud's Magic Scroll Shop.
 20984 | Orc:2    | Found Awus Moh's Weapon Shop.
 21107 | Orc:2    | Bought a scroll of fog for 56 gold pieces
 21119 | Orc:2    | Bought a +0 trident of venom for 62 gold pieces
 21539 | D:15     | Found a broken altar of Ashenzari.
 23067 | D:15     | Reached skill level 17 in Polearms
 23536 | Swamp:1  | Entered Level 1 of the Swamp
 24325 | Swamp:1  | Found a blossoming altar of Fedhas.
 24349 | Swamp:1  | Noticed a fenstrider witch
 24355 | Swamp:1  | Killed a fenstrider witch
 25001 | Swamp:2  | Reached skill level 18 in Polearms
 25507 | Swamp:3  | Reached XP level 17. HP: 114/125 MP: 24/24
 26941 | Swamp:4  | Entered Level 4 of the Swamp
 27101 | Swamp:4  | Noticed Roxanne
 27291 | Snake:1  | Entered Level 1 of the Snake Pit
 27599 | Snake:1  | Identified the serpent talisman of Uwaeroust {rF+ rC+ Dex+3
                  | Stlth-}
 27599 | Snake:1  | Noticed Aizul
 27625 | Snake:1  | HP: 5/126 [Aizul (5)]
 27626 | Snake:1  | Killed Aizul
 30055 | Snake:2  | Found a shimmering altar of Xom.
 30534 | Snake:3  | Noticed Nikola
 30535 | Snake:3  | Noticed Vashnia
 31982 | Snake:3  | Killed from afar by Nikola

Illustrated notes

Levels and vault maps discovered:
D:1:      heliophobic_arrival_enchanted_forest, layout_basic
D:2:      layout_loops_ring, basic_altar
D:3:      layout_basic
D:4:      layout_rooms
D:5:      layout_rooms, serial_bayou, serial_bayou_crossing,
          serial_bayou_shore_a, serial_bayou_pond_d, serial_bayou_pond_e,
          uniq_grinder
D:6:      layout_cave_pods
D:7:      layout_rooms, okawaru_humans, minmay_temple_entry_proselytizer,
          serial_shops, kennysheep_little_box, uniq_duvessa
D:8:      layout_loops_ring, bh_walls_and_bars, uniq_psyche, uniq_maggie
D:9:      layout_roguey, worldfamousw_hep_ancestral_shrine
D:10:     layout_irregular_city, lair_entry_dummy, serial_nicolae_subway,
          nicolae_sub_station_crystal, nicolae_sub_station_stone,
          nicolae_sub_station_metal
D:11:     gammafunk_cloud_chamber, layout_gridville, gammafunk_ghost_hydra_chop,
          gauntlet_entry_generic, lightli_fourway_metalbox
D:12:     layout_loops_cross, zombieorc2_lemuel, enter_trove_6
D:13:     layout_roguey, hellmonk_vaults_attempted_burglary,
          lemuel_flamethrower_hall
D:14:     layout_grid_maze, nicolae_dithmenos_the_darkroom
D:15:     gammafunk_depths_entry_grave, layout_gridville,
          evilmike_ruin_ashenzari, serial_shops, nicolae_shop_peninsula,
          minmay_unpleasant_kobolds
Lair:1:   layout_regular_city, ebering_ghost_rock_garden, beast_lair_carwin_9,
          infiniplex_staircase_pool, lemuel_fruit_fields
Lair:2:   layout_roguey, guppyfry_snake_entry_island,
          portal_ice_cave_entry_pillars_2, chequers_serial_rivers_room_a
Lair:3:   gammafunk_boulding_lane, layout_cave_pods, swamp_mist
Lair:4:   layout_regular_city, grunt_megastairs_3, uniq_urug
Lair:5:   minmay_lair_end_enchanted_forest, layout_regular_city, slime_entry_1
Swamp:1:  layout_basic_swamp, nicolae_swamp_godswood
Swamp:2:  layout_basic_swamp, evilmike_swamp_ruin_house_2,
          nicolae_swamp_tree_isthmus
Swamp:3:  layout_falls_marsh, nicolae_swamp_stuck_in_the_mud
Swamp:4:  swamp_basic_johnstein, layout_basic_swamp, swamp_pool_1_2,
          uniq_roxanne
Snake:1:  layout_rooms, uniq_aizul
Snake:2:  layout_chambers, basic_altar
Snake:3:  layout_layer_cave, serial_library_regret_index_multi,
          serial_library_hellmonk_narrow_alcove, grunt_megastairs_2,
          uniq_nikola, uniq_vashnia, uniq_agnes
Orc:1:    gammafunk_beogh_shrine, layout_caves, nicolae_orc_lost_temple
Orc:2:    st_orc_elflike, layout_diamond_mine

Skill      XL: |  1  2  3  4  5  6  7  8  9 10 11 12 13 14 15 16 17 |
---------------+----------------------------------------------------+-----
Polearms       | 3 4 6 7 10 11 12 14 15 18 | 18.6
Armour         | 1 2 3 4 6 7 8 9 10 11 | 11.2
Dodging        | 3 4 6 7 8 9 10 11 | 11.2
Fighting       | 3 4 5 6 7 8 10 11 13 14 | 14.9
Invocations    | 1 3 5 9 10 | 10.0
Throwing       | |  1.7

Action                     |  1- 3 |  4- 6 |  7- 9 | 10-12 | 13-15 | 16-18 || total
---------------------------+-------+-------+-------+-------+-------+-------++-------
  Melee: Trident           |   129 |    98 |   127 |   892 |  1832 |  1647 ||  4725
         Whip              |    13 |    55 |   102 |       |       |       ||   170
 Invoke: Recall Ancestor   |       |     2 |       |       |       |     3 ||     5
         Ancestor Life: Ba |       |     1 |       |       |       |       ||     1
  Evoke: Box of beasts     |       |       |       |       |       |     1 ||     1
         Phantom mirror    |       |       |       |       |       |     1 ||     1
    Use: Scroll            |     4 |     9 |     3 |    15 |     7 |     6 ||    44
         Potion            |       |       |     1 |     1 |     2 |       ||     4
   Stab: Distracted        |       |     1 |     1 |     8 |    17 |    13 ||    40
         Sleeping          |       |       |       |       |       |     1 ||     1
 Armour: Leather armour    |     6 |       |       |       |       |       ||     6
         Scale mail        |    50 |    41 |    80 |   231 |   398 |   499 ||  1299
  Dodge: Dodged            |    64 |    27 |    45 |   180 |   318 |   319 ||   953
  Block: Other             |       |     4 |    14 |    51 |    95 |   102 ||   266
         Reflection        |       |       |     2 |     3 |     6 |     8 ||    19

Table legend: (Time is in decaauts)
 A = Elapsed time spent in this place.
 B = Non-inter-level travel time spent in this place.
 C = Inter-level travel time spent in this place.
 D = Time resting spent in this place.
 E = Time spent auto-exploring this place.
 F = Levels seen in this place.
 G = Mean time per level.
                   A        B        C        D        E       F      G
               +--------+--------+--------+--------+--------+-----+--------+
         Total |  31424 |  29732 |   1692 |  11046 |  13932 |  30 | 1047.5 |
       Dungeon |  14647 |  13631 |   1016 |   3922 |   7354 |  15 |  976.5 |
          Lair |   5747 |   5374 |    373 |   1385 |   3008 |   5 | 1149.4 |
         Swamp |   3775 |   3600 |    175 |   1844 |   1312 |   4 |  943.8 |
     Snake Pit |   4580 |   4560 |     20 |   2877 |   1261 |   3 | 1526.7 |
  Orcish Mines |   1908 |   1802 |    106 |    647 |    843 |   2 |  954.0 |
      Ice Cave |    765 |    765 |      0 |    371 |    153 |   1 |  765.0 |
               +--------+--------+--------+--------+--------+-----+--------+

Top non-repeatable levels by time:
 Snake:2: 3019 daAuts
    D:14: 2142 daAuts
    D:15: 1829 daAuts
 Snake:1: 1462 daAuts
  Lair:3: 1406 daAuts
  Lair:5: 1351 daAuts
 Swamp:1: 1316 daAuts
   Orc:2: 1237 daAuts
    D:11: 1224 daAuts
  Lair:4: 1221 daAuts
     D:9: 1210 daAuts
 Swamp:2: 1144 daAuts
 Swamp:3: 1080 daAuts
    D:12: 1035 daAuts
  Lair:1: 942 daAuts
